 Dungeon Crawl Stone Soup version 0.21.0-3-g78d12a8 (webtiles) character file.

2789 MTVSty1e the Carver (level 10, 0/111 HPs)
             Began as a Human Berserker on Jan 10, 2018.
             Was an Elder of Trog.
             Splashed by a jelly's acid (9 damage)
             ... on level 7 of the Dungeon.
             The game lasted 00:15:41 (9122 turns).

MTVSty1e the Carver (Human Berserker)               Turns: 9122, Time: 00:16:11

Health: 0/111      AC: -13   Str: 23    XL:     10   Next: 1%
Magic:  10/10      EV: 10    Int:  8    God:    Trog [****..]
Gold:   312        SH:  4    Dex: 13    Spells: 9/9 levels left

rFire    . . .     SeeInvis .   b - +2 falchion (slice)
rCold    . . .     Gourm    .   e - +1 buckler
rNeg     . . .     Faith    .   n - +0 scale mail
rPois    .         Spirit   .   (no helmet)
rElec    .         Reflect  .   (no cloak)
rCorr    .         Harm     .   (no gloves)
MR       +....                  (no boots)
Stlth    ..........             (no amulet)
HPRegen  0.28/turn              d - -2 ring of strength
MPRegen  0.12/turn              q - ring of protection from magic

@: berserking, corroded, very quick
A: no striking features
a: Berserk, Trog's Hand, Brothers in Arms, Burn Spellbooks, Renounce Religion


You were on level 7 of the Dungeon.
You worshipped Trog.
Trog was greatly pleased with you.
You were very hungry.

You visited 1 branch of the dungeon, and saw 7 of its levels.

You collected 312 gold pieces.

Inventory:

Hand Weapons
 a - a +0 falchion
 b - a +2 falchion of slicing (weapon)
 i - a +1 flail of protection
Armour
 e - a +1 buckler (worn)
 n - a +0 scale mail (worn)
Jewellery
 d - a -2 ring of strength (left hand)
 q - a ring of protection from magic (right hand)
Wands
 m - a wand of enslavement (14)
 o - a wand of scattershot (5)
Scrolls
 g - a scroll of magic mapping
 h - a scroll of teleportation
Potions
 j - 2 potions of heal wounds
 k - a potion of haste {unknown}
 l - 2 potions of invisibility {unknown}
 p - a potion of lignification {unknown}
 r - a potion of brilliance {unknown}
 s - a potion of mutation {unknown}
 t - 2 potions of magic {unknown}


   Skills:
 + Level 5.3 Fighting
 * Level 12.3 Long Blades
 - Level 2.0 Armour
 - Level 2.0 Dodging


You had 9 spell levels left.
You didn't know any spells.

Dungeon Overview and Level Annotations

Branches:
Dungeon (7/15)
 Temple: D:4-7

Altars:
Ashenzari
Cheibriados
Dithmenos
Elyvilon
Kikubaaqudgha
Makhleb
Okawaru
Qazlal
Ru
Trog
Uskayaw
Vehumet
Wu Jian
Zin


Message History

* * * LOW HITPOINT WARNING * * *
The acid corrodes you!
You are splashed with acid!
The acid burns!
* * * LOW HITPOINT WARNING * * *
You hit the jelly.
Your hands burn!
* * * LOW HITPOINT WARNING * * *
The jelly is heavily wounded.
The jelly hits you.
* * * LOW HITPOINT WARNING * * *
The acid corrodes you!
You are splashed with acid!
The acid burns!
* * * LOW HITPOINT WARNING * * *
You hit the jelly but do no damage.
Your hands burn!
* * * LOW HITPOINT WARNING * * *
The jelly is heavily wounded.
You hit the jelly but do no damage.
Your hands burn!
* * * LOW HITPOINT WARNING * * *
The jelly is heavily wounded.
The jelly hits you.
* * * LOW HITPOINT WARNING * * *
The acid corrodes you!
You are splashed with acid!
The acid burns!
You die...

......#.....#
#............
####.##..####...
###.###+###.. ####.##..##
..####.## . ..........#
......... ..........#
.......... ..........#
.........
.###.....#######..# ..#
.##########...##(.##..####
..#.............@J>.......
..#.......................
..#..............>........
.#...............(........
##.......##...####)#######
#.########...####()(.###.
### #.................
#......o..........
#.................


You could see a jelly.

Vanquished Creatures
  A hippogriff (D:7)
  Sigmund (D:5)
  2 water moccasins
  A phantom (D:4)
  3 sky beasts
  2 centaurs (D:7)
  2 ogres
  Blork the orc (D:5)
  3 bullfrogs
  A wyvern skeleton (D:6)
  2 scorpions
  4 killer bees (D:7)
  3 wights (D:6)
  2 howler monkeys
  4 crimson imps
  A quasit (D:6)
  2 hounds (D:4)
  4 orc priests (D:4)
  A centaur skeleton (D:7)
  Ijyb (D:5)
  3 worker ants
  4 orc wizards
  7 adders
  3 gnolls (D:6)
  4 worms
  A dart slug (D:2)
  A leopard gecko (D:5)
  12 orcs
  8 bats
  5 giant cockroaches
  8 goblins
  7 hobgoblins
  11 jackals
  A quokka (D:5)
  2 ball pythons
  10 frilled lizards
  A giant cockroach zombie (D:5)
  6 kobolds
  A quokka skeleton (D:6)
  11 rats
147 creatures vanquished.

Notes
Turn   | Place    | Note
-------+----------+-------------------------------------------
     0 | D:1      | MTVSty1e the Human Berserker began the quest for the Orb.
     0 | D:1      | Reached XP level 1. HP: 18/18 MP: 1/1
   350 | D:1      | Reached XP level 2. HP: 24/24 MP: 2/2
  1055 | D:2      | Reached skill level 4 in Long Blades
  1055 | D:2      | Reached XP level 3. HP: 27/29 MP: 3/3
  1481 | D:2      | Found a glowing silver altar of Zin.
  1565 | D:2      | Reached XP level 4. HP: 23/35 MP: 4/4
  2286 | D:2      | Reached skill level 5 in Long Blades
  2288 | D:2      | Reached ** piety under Trog
  3143 | D:3      | Reached XP level 5. HP: 40/41 MP: 5/5
  3159 | D:3      | Found a stormy altar of Qazlal.
  3792 | D:3      | Found a white marble altar of Elyvilon.
  4401 | D:4      | Reached skill level 6 in Long Blades
  4420 | D:4      | Reached XP level 6. HP: 31/47 MP: 6/6
  4699 | D:4      | Found a shattered altar of Ashenzari.
  4710 | D:4      | Found a bloodstained altar of Trog.
  4759 | D:4      | Reached skill level 7 in Long Blades
  4768 | D:4      | Reached XP level 7. HP: 4/52 MP: 7/7
  5177 | D:4      | Found an iron altar of Okawaru.
  5177 | D:4      | Found a snail-covered altar of Cheibriados.
  5261 | D:4      | Found a radiant altar of Vehumet.
  5261 | D:4      | Found an ornate altar of the Wu Jian Council.
  5262 | D:4      | Found a shadowy altar of Dithmenos.
  5275 | D:4      | Found a hide-covered altar of Uskayaw.
  5363 | D:5      | Entered Level 5 of the Dungeon
  5416 | D:5      | Reached *** piety under Trog
  5560 | D:5      | Found a burning altar of Makhleb.
  5580 | D:5      | Noticed Sigmund
  5581 | D:5      | Noticed Blork the orc
  5733 | D:5      | Reached skill level 8 in Long Blades
  5768 | D:5      | Killed Blork the orc
  5826 | D:5      | Killed Sigmund
  5826 | D:5      | Reached XP level 8. HP: 31/58 MP: 8/8
  6010 | D:5      | Reached skill level 9 in Long Blades
  6672 | D:5      | Noticed Ijyb
  6720 | D:5      | Killed Ijyb
  6862 | D:6      | Reached skill level 10 in Long Blades
  6972 | D:6      | Found an ancient bone altar of Kikubaaqudgha.
  7312 | D:6      | Reached XP level 9. HP: 63/63 MP: 9/9
  7357 | D:6      | Found an iron altar of Okawaru.
  7435 | D:6      | Reached skill level 11 in Long Blades
  7546 | D:6      | Reached **** piety under Trog
  7594 | D:6      | HP: 1/64 [ogre/giant club (21)]
  8288 | D:6      | Found a sacrificial altar of Ru.
  8392 | D:7      | Noticed a hippogriff
  8470 | D:7      | Noticed a hippogriff
  8476 | D:7      | Killed a hippogriff
  8528 | D:7      | Reached skill level 12 in Long Blades
  8540 | D:7      | Reached skill level 5 in Fighting
  8807 | D:7      | Reached XP level 10. HP: 41/74 MP: 10/10
  9122 | D:7      | Splashed by a jelly's acid

Skill      XL: |  1  2  3  4  5  6  7  8  9 |
---------------+----------------------------+-----
Long Blades    | 4 5 6 7 8 10 12 | 12.3
Fighting       | 5 |  5.3
Armour         | |  2.0
Dodging        | |  2.0

Action                   |  1- 3 |  4- 6 |  7- 9 | 10-12 || total
-------------------------+-------+-------+-------+-------++-------
Melee: Falchion          |   111 |   208 |   332 |    12 ||   663
Invok: Berserk           |     1 |     4 |     6 |     1 ||    12
       Burn Spellbooks   |       |     1 |     1 |       ||     2
  Use: Scroll            |     2 |     7 |     4 |       ||    13
       Potion            |       |     3 |     5 |     1 ||     9
  Eat: Chunk             |     1 |     2 |     6 |       ||     9
       Ration            |     1 |     3 |     4 |       ||     8
Armor: Animal skin       |    12 |       |       |       ||    12
       Ring mail         |       |    57 |       |       ||    57
       Leather armour    |       |     1 |       |       ||     1
       Scale mail        |       |    32 |    88 |     1 ||   121
Dodge: Dodged            |    65 |   104 |   121 |     2 ||   292
Block: Buckler           |     9 |    25 |    51 |       ||    85
       Rpst.: Falchion   |    25 |    30 |    27 |       ||    82
